 Dungeon Crawl Stone Soup version 0.27.1-4-g1640c2035a (webtiles) character file.

Game seed: 8768019696911494936

549 raph the Carver (level 7, 0/56 HPs)
             Began as a Minotaur Gladiator on Nov 1, 2021.
             Was an Initiate of Wu Jian.
             Slain by Blork the orc (4 damage)
             ... on level 4 of the Dungeon.
             The game lasted 00:05:56 (5027 turns).

raph the Carver (Minotaur Gladiator)                Turns: 5027, Time: 00:05:57

Health: 0/56       AC: 10    Str: 18    XL:     7   Next: 7%
Magic:  6/6        EV:  8    Int:  5    God:    Wu Jian [......]
Gold:   199        SH:  0    Dex: 14    Spells: 6/6 levels left

rFire    . . .     SeeInvis .   a - +0 long sword
rCold    . . .     Faith    .   (no shield)
rNeg     . . .     Spirit   .   l - +0 chain mail
rPois    .         Reflect  .   c - +0 hat
rElec    .         Harm     .   j - +0 cloak
rCorr    .         Rampage  .   (no gloves)
Will     .....                  n - +0 pair of boots
Stlth    ..........             (no amulet)
HPRegen  0.18/turn              (no ring)
MPRegen  0.10/turn              (no ring)

@: no status effects
A: horns 2, retaliatory headbutt
a: Renounce Religion


You were on level 4 of the Dungeon.
You worshipped Wu Jian.
Wu Jian was noncommittal.
You visited 1 branch of the dungeon, and saw 4 of its levels.

You collected 199 gold pieces.

Inventory:

Hand Weapons
 a - a +0 long sword (weapon)
Missiles
 d - 2 throwing nets
 h - 33 poisoned darts (quivered)
Armour
 b - a +0 leather armour
 c - a +0 hat (worn)
 i - a +0 ring mail
 j - a +0 cloak (worn)
 l - a +0 chain mail (worn)
 n - a +0 pair of boots (worn)
Scrolls
 e - a scroll of teleportation
Potions
 f - a potion of degeneration {unknown}
 g - 3 potions of flight
 k - 2 potions of curing {unknown}
 m - a potion of might {unknown}


   Skills:
 + Level 2.5 Fighting
 + Level 9.6 Long Blades
 - Level 2.0 Throwing
 * Level 0.3 Armour
 + Level 3.3 Dodging


You had 6 spell levels left.
You didn't know any spells.
Your spell library was empty.

Dungeon Overview and Level Annotations

Branches:
Dungeon (4/15)
 Temple: D:4-7

Altars:
Ashenzari
Kikubaaqudgha
Wu Jian

Annotations:
D:4 Blork the orc


Innate Abilities, Weirdness & Mutations

You have a pair of horns on your head.
You reflexively headbutt those who attack you in melee.


Message History

Blork the orc gestures at you while chanting.
The magic dart hits you.
Throw: 34 darts (poison)
Press: ? - help, Q - select action, (/) - cycle Shift-Dir - straight line, f/p - Blork the orc
Aim: Blork the orc, wielding a +0 trident and wearing a +0 robe (moderately wounded, fast, poisoned, 64% to hit)
You throw a poisoned dart.
The poisoned dart closely misses Blork the orc.
Blork the orc screams, "I'll break your arms!"
Blork the orc gestures at you while chanting.
The magic dart hits you but does no damage.
You lunge at Blork the orc, in a flurry of attacks.
You hit Blork the orc.
Blork the orc is moderately wounded.
You hit Blork the orc but do no damage.
Blork the orc is moderately wounded.
Blork the orc looks more healthy.
Blork the orc barely misses you.
You completely miss Blork the orc.
Blork the orc is moderately wounded.
Blork the orc barely misses you.
Blork the orc hits you with a +0 trident.
You barely miss Blork the orc.
Blork the orc is moderately wounded.
Blork the orc hits you with a +0 trident!
You hit Blork the orc but do no damage.
Blork the orc is moderately wounded.
Blork the orc hits you but does no damage.
Blork the orc gestures at you while chanting.
The magic dart hits you but does no damage.
You hit Blork the orc but do no damage.
Blork the orc is moderately wounded.
Blork the orc hits you with a +0 trident.
You slash Blork the orc! Your headbutt misses Blork the orc.
Blork the orc is severely wounded.
Blork the orc hits you with a +0 trident.
Blork the orc gestures at you while chanting.
The puff of flame hits you!
* * * LOW HITPOINT WARNING * * *
Blork the orc looks angry.
Blork the orc hits you from afar with a +0 trident.
You die...

#........#.## ##.........J...
#........##.###......#######.
#........##..#.#.###.# #.
#...........#..#.# #.# #.
########.##.#..#.# #.# #. #####
#.##......# #.# #. ....#
####.####..### #.# #.
#.#.#####...#..)...# #.#######<
#.......(.o###o.@..#####.........
..#.#######.#(#.......###.......#
#.#.# ##.##.#####.# #........
#.#.# ####.#####†###........
((..# #.##.........#..... #####
#.##.##.###.##.##.# #.##.##.#
#.##.##.# #.......# #.......#
#..#.#.†# ####


You could see Blork the orc (fast).

Vanquished Creatures
  An ogre (D:3)
  A phantom (D:3)
  2 scorpions
  Crazy Yiuf (D:4)
  A jelly (D:3)
  Terence (D:3)
  A hound skeleton (D:4)
  4 adders
  4 gnolls
  2 worms
  3 orcs (D:3)
  10 endoplasms
  A giant cockroach (D:2)
  19 goblins
  6 hobgoblins
  6 jackals
  3 quokkas
  5 ball pythons
  7 bats
  A frilled lizard (D:1)
  9 kobolds
  4 rats
92 creatures vanquished.

Notes
Turn   | Place    | Note
-------+----------+-------------------------------------------
     0 | D:1      | raph the Minotaur Gladiator began the quest for the Orb.
     0 | D:1      | Reached XP level 1. HP: 18/18 MP: 0/0
   153 | D:1      | Reached skill level 4 in Long Blades
   317 | D:1      | Reached XP level 2. HP: 21/25 MP: 1/1
  1088 | D:1      | Reached skill level 5 in Long Blades
  1130 | D:1      | Reached XP level 3. HP: 25/30 MP: 2/2
  2367 | D:2      | Reached skill level 6 in Long Blades
  2367 | D:2      | Reached XP level 4. HP: 37/37 MP: 3/3
  2566 | D:3      | Noticed a golden eye
  2573 | D:3      | Found a faded altar of an unknown god.
  2574 | D:3      | Noticed a shining eye
  2574 | D:3      | Noticed a great orb of eyes
  2574 | D:3      | Noticed a floating eye
  2585 | D:3      | Found an ancient bone altar of Kikubaaqudgha.
  2761 | D:3      | Noticed Terence
  2767 | D:3      | Killed Terence
  2867 | D:3      | Noticed a phantom
  2876 | D:3      | Killed a phantom
  2877 | D:3      | Reached skill level 7 in Long Blades
  2877 | D:3      | Reached XP level 5. HP: 27/42 MP: 4/4
  3272 | D:3      | Reached skill level 8 in Long Blades
  3272 | D:3      | Reached XP level 6. HP: 28/50 MP: 5/5
  3572 | D:3      | Found a broken altar of Ashenzari.
  3577 | D:3      | Found an ornate altar of the Wu Jian Council.
  3594 | D:3      | Became a worshipper of the Wu Jian Council
  4220 | D:3      | Reached skill level 9 in Long Blades
  4310 | D:4      | Found a runed translucent door.
  4311 | D:4      | Noticed Crazy Yiuf
  4317 | D:4      | Killed Crazy Yiuf
  4538 | D:4      | Reached XP level 7. HP: 44/56 MP: 6/6
  5001 | D:4      | Noticed Blork the orc
  5027 | D:4      | Slain by Blork the orc

Illustrated notes

Levels and vault maps discovered:
D:1:      dpeg_arrival_short_road, layout_loops_ring
D:2:      layout_basic, minmay_misc_feat_tiny
D:3:      layout_basic, mainiacjoe_overflow_paths,
          mainiacjoe_overflow_big_doors, serial_glass, glass_columns_b,
          glass_columns_a, hellmonk_ecumenical_altar_watching_god,
          minmay_ogre_servants, uniq_terence
D:4:      layout_loops_cross, uniq_blork_the_orc, uniq_crazy_yiuf_cottage,
          uniq_ijyb

Skill      XL: |  1  2  3  4  5  6 |
---------------+-------------------+-----
Long Blades    | 4 5 6 7 8 9 |  9.6
Fighting       | |  2.5
Throwing       | |  2.0
Armour         | |  0.3
Dodging        | |  3.3

Action                   |  1- 3 |  4- 6 |  7- 9 || total
-------------------------+-------+-------+-------++-------
Melee: Long sword        |    93 |    87 |    25 ||   205
       Headbutt          |    13 |    20 |     3 ||    36
Throw: Dart              |     5 |     3 |     5 ||    13
       Throwing net      |     1 |       |       ||     1
Invok: Lunge             |       |     6 |     4 ||    10
  Use: Scroll            |       |     3 |       ||     3
 Stab: Sleeping          |     2 |       |       ||     2
Armor: Leather armour    |    21 |    16 |       ||    37
       Chain mail        |       |       |    11 ||    11
Dodge: Dodged            |    55 |    39 |     8 ||   102
       Rpst.: Long sword |    18 |    11 |     2 ||    31
